 Dungeon Crawl Stone Soup version 0.29.1-12-g30fa7ad0bf (webtiles) character file.

Game seed: 7644143893987841004

651 ChadusMaximus the Shield-Bearer (level 7, -1/62 HPs)
             Began as a Minotaur Fighter on Dec 17, 2022.
             Slain by a gnoll
             ... wielding a +0 flail
             ... led by a gnoll bouda
              (11 damage)
             ... on level 5 of the Dungeon.
             The game lasted 00:02:23 (3826 turns).

ChadusMaximus the Shield-Bearer (Minotaur Fighter)  Turns: 3826, Time: 00:02:23

Health: -1/62      AC:  8    Str: 22    XL:     7   Next: 28%
Magic:  6/6        EV:  9    Int:  5    God:
Gold:   197        SH:  5    Dex: 10    Spells: 6/6 levels left

rFire   . . .      SeeInvis .   a - +0 war axe
rCold   . . .      Faith    .   c - +0 buckler
rNeg    . . .      Spirit   .   b - +0 scale mail
rPois   .          Reflect  .   (helmet restricted)
rElec   .          Harm     .   o - +0 cloak
rCorr   .          Rampage  .   (no gloves)
Will    .....                   (no boots)
Stlth   ..........              (no amulet)
HPRegen 0.20/turn               (no ring)
MPRegen 0.10/turn               (no ring)

@: weakened
A: horns 2, retaliatory headbutt
a: no special abilities


You were on level 5 of the Dungeon.
You visited 1 branch of the dungeon, and saw 5 of its levels.

You collected 197 gold pieces.

Inventory:

Hand Weapons
 a - a +0 war axe (weapon)
Missiles
 k - 2 boomerangs (quivered)
 m - a throwing net
 s - 5 atropa-tipped darts
Armour
 b - a +0 scale mail (worn)
 c - a +0 buckler (worn)
 o - a +0 cloak (worn)
Scrolls
 g - 3 scrolls of immolation {unknown}
 h - 4 scrolls of identify {unknown}
 i - 3 scrolls of magic mapping {unknown}
 j - 4 scrolls of noise
 l - a scroll of summoning {unknown}
 r - a scroll of amnesia {unknown}
 t - a scroll of vulnerability {unknown}
 v - a scroll of teleportation {unknown}
 x - a scroll of blinking {unknown}
Potions
 d - 2 potions of might
 e - 2 potions of attraction {unknown}
 f - a potion of flight {unknown}
 n - a potion of mutation {unknown}
 p - a potion of lignification {unknown}
 q - a potion of ambrosia {unknown}
 u - a potion of degeneration {unknown}
 w - a potion of heal wounds {unknown}


   Skills:
 + Level 5.9 Fighting
 + Level 5.2 Axes
 + Level 6.0 Armour
 + Level 6.0 Shields


You had 6 spell levels left.
You didn't know any spells.
Your spell library was empty.

Dungeon Overview and Level Annotations

Branches:
Dungeon (5/15)
 Temple: D:4-7

Altars:
Hepliaklqana


Innate Abilities, Weirdness & Mutations

You have a pair of horns on your head.
You reflexively headbutt those who attack you in melee.


Message History

2 gnolls come into view.
Found a stone staircase leading down.
The gnoll bouda shouts!
The gnoll shouts! x2; You hear an angry hiss.
A gnoll comes into view. It is wielding a +0 spear.
There are monsters nearby!
The gnoll barely misses you.
There are monsters nearby!
You hit the gnoll.
The gnoll is moderately wounded.
You hit the gnoll. The gnoll hits you with a +0 flail.
The gnoll hits you but does no damage.
The gnoll bouda gazes fiercely through you!
You feel your attacks grow feeble. You block the gnoll's attack. x2
You hit the gnoll.
The gnoll is heavily wounded.
You hit the gnoll bouda. The gnoll hits you with a +0 flail!
The gnoll hits you from afar with a +0 spear.
The gnoll bouda hits you but does no damage.
The gnoll hits you from afar with a +0 halberd.
You barely miss the gnoll.
The gnoll is heavily wounded.
You hit the gnoll bouda but do no damage.
The gnoll hits you with a +0 flail.
The gnoll hits you from afar with a +0 spear.
An iguana comes into view.
The gnoll bouda barks out a call to the hunt!
The gnolls pick up the pace!
The gnoll hits you from afar with a +0 halberd!
You are too injured to fight recklessly!
Unknown command.
The gnoll bouda attacks as you move away!
The gnoll bouda hits you but does no damage.
The gnoll attacks as you move away! The gnoll hits you with a +0 flail. x2
* * * LOW HITPOINT WARNING * * *
The gnoll hits you with a +0 flail.
* * * LOW HITPOINT WARNING * * *
There is a stone staircase leading up here.
The gnoll hits you with a +0 flail!
You die...

.~≈≈≈≈ .. ..
~≈≈≈≈ ...... ..##
~≈≈≈###.. ...
#...#≈≈#...# ....
#.⌠.#≈≈#.⌠.#.....
#...#~~#.. #....
...###~..~###..#
...?..g.g.†....#
.....#g#@..#.....
......gg##### ##.
...l.....
.....>.###
..#.... . #....
##... #...


You could see a gnoll bouda and a gnoll (swift).

Vanquished Creatures
  Grinder (D:5)
  Eustachio (D:4)
  A scorpion (D:4)
  4 hounds (D:4)
  5 adders
  2 dart slugs
  2 worms
  3 orcs (D:4)
  8 ball pythons
  7 bats
  3 endoplasms (D:1)
  2 giant cockroaches (D:4)
  9 goblins
  11 hobgoblins
  2 jackals (D:3)
  5 quokkas
  2 frilled lizards
  4 kobolds
  5 rats
77 creatures vanquished.

Notes
Turn   | Place    | Note
-------+----------+-------------------------------------------
     0 | D:1      | ChadusMaximus the Minotaur Fighter began the quest for the
                  | Orb.
     0 | D:1      | Reached XP level 1. HP: 19/19 MP: 0/0
   172 | D:1      | Reached XP level 2. HP: 26/27 MP: 1/1
  1026 | D:1      | Reached XP level 3. HP: 33/33 MP: 2/2
  1918 | D:3      | Found a faded altar of an unknown god.
  2055 | D:3      | Reached XP level 4. HP: 40/40 MP: 3/3
  2927 | D:4      | Reached XP level 5. HP: 38/47 MP: 4/4
  3116 | D:4      | Reached skill level 5 in Armour
  3116 | D:4      | Reached skill level 5 in Shields
  3118 | D:4      | Reached skill level 5 in Fighting
  3118 | D:4      | Reached XP level 6. HP: 37/56 MP: 5/5
  3286 | D:4      | Found a hazy altar of Hepliaklqana.
  3706 | D:5      | Entered Level 5 of the Dungeon
  3706 | D:5      | Noticed Eustachio
  3710 | D:5      | Noticed Grinder
  3721 | D:4      | Killed Eustachio
  3799 | D:5      | Killed Grinder
  3800 | D:5      | Reached skill level 5 in Axes
  3800 | D:5      | Reached XP level 7. HP: 58/62 MP: 6/6
  3826 | D:5      | Slain by a gnoll

Illustrated notes

Levels and vault maps discovered:
D:1:      ncdulo_wetmaze, layout_basic
D:2:      layout_loops_ring
D:3:      layout_basic, shapermc_ecumenical_altar_starsandcircs
D:4:      minmay_skewed_foursquare, layout_cave_pools,
          mainiacjoe_overflow_cross_hatched
D:5:      layout_basic, mainiacjoe_overflow_24_doors, fountainhead,
          chequers_big_river, hangedman_abyss_or_decor_jellyfish_corner,
          chequers_serial_rivers_micro_b, minmay_misc_feat_hallway,
          grunt_ministairs_15, dk_noncrumbling_4, serial_bayou_pond_a,
          uniq_grinder, uniq_eustachio

Skill      XL: |  1  2  3  4  5  6 |
---------------+-------------------+-----
Armour         | 4 5 6 |  6.0
Shields        | 4 5 6 |  6.0
Fighting       | 4 5 |  5.9
Axes           | 3 4 5 |  5.2

Action                   |  1- 3 |  4- 6 |  7- 9 || total
-------------------------+-------+-------+-------++-------
Melee: War axe           |    83 |    98 |     9 ||   190
       Headbutt          |    11 |    11 |       ||    22
  Use: Scroll            |       |     1 |       ||     1
Armor: Scale mail        |    48 |    33 |     6 ||    87
Dodge: Dodged            |    43 |    53 |     3 ||    99
Block: Buckler           |    18 |    29 |     5 ||    52
